 Dungeon Crawl Stone Soup version 0.21-a0-426-g98080a9 (webtiles) character file.

31 slep the Skirmisher (level 3, -1/29 HPs)
             Began as a Demonspawn Abyssal Knight on Nov 7, 2017.
             Was a Follower of Lugonu.
             Succumbed to Robin's poison
             ... on level 2 of the Dungeon.
             The game lasted 00:05:32 (1310 turns).

slep the Skirmisher (Demonspawn Abyssal Knight)     Turns: 1310, Time: 00:05:33

Health: -1/29      AC:  3    Str: 12    XL:     3   Next: 7%
Magic:  4/4        EV: 16    Int: 13    God:    Lugonu [*.....]
Gold:   195        SH:  0    Dex: 18    Spells: 2/2 levels left

rFire    . . .     SeeInvis .   a - +1 falchion
rCold    . . .     Gourm    .   (no shield)
rNeg     . . .     Faith    .   b - +0 leather armour
rPois    .         Spirit   .   (helmet restricted)
rElec    .         Reflect  .   (no cloak)
rCorr    .         Harm     .   (no gloves)
MR       .....     Rnd*Tele +   (no boots)
Stlth    ++........             (no amulet)
HPRegen  0.09/turn              f - ring of teleportation (curse)
MPRegen  0.09/turn              (no ring)

@: agile, lethally poisoned (-1 -> -39), flying
A: horns 2
a: Depart the Abyss, Renounce Religion


You were on level 2 of the Dungeon.
You worshipped Lugonu.
Lugonu was aware of your devotion.
You were very hungry.

You visited 1 branch of the dungeon, and saw 2 of its levels.
You visited the Abyss 1 time.

You collected 195 gold pieces.

Inventory:

Hand Weapons
 a - a +1 falchion (weapon)
Missiles
 m - 50 arrows
 q - 4 tomahawks (quivered)
Armour
 b - a +0 leather armour (worn)
Jewellery
 f - a cursed ring of teleportation (left hand)
Scrolls
 e - a scroll of fear {unknown}
 i - 2 scrolls of teleportation {unknown}
 k - 3 scrolls of enchant armour {unknown}
 o - a scroll of blinking {unknown}
 p - a scroll of remove curse {unknown}
Potions
 d - a potion of agility
 h - a potion of resistance {unknown}
 j - a potion of brilliance {unknown}
 n - a potion of berserk rage {unknown}
Comestibles
 c - a bread ration
 l - 3 fruits


   Skills:
 + Level 3.4 Fighting
 + Level 2.3 Long Blades
 + Level 2.1 Armour
 + Level 1.1 Dodging
 + Level 0.3 Stealth
 + Level 2.4 Invocations


You had 2 spell levels left.
You didn't know any spells.

Dungeon Overview and Level Annotations

Branches:
Dungeon (2/15)

Altars:
Fedhas

Annotations:
D:2 1 runed door, Robin


Innate Abilities, Weirdness & Mutations

You have a pair of horns on your head.


Message History

The goblin shouts!
You hit Robin. You headbutt Robin.
Robin is moderately wounded.
* * * LOW HITPOINT WARNING * * *
You feel very sick. Robin hits you with a dagger of venom.
* * * LOW HITPOINT WARNING * * *
You are more poisoned.
Wield which item (- for none, * to show all)? (? for menu, Esc to quit)
Okay, then.
It was a potion of agility.
You feel agile all of a sudden.
* * * LOW HITPOINT WARNING * * *
You feel very sick.
The hobgoblin no longer looks unusually strong.
Robin misses you.
It was a potion of flight.
You feel very buoyant.
You fly up into the air.
You die...

#.........#..###.####.#.
#.#####.#########..# #.####.#.
#..................# #.....#..
#######.##########.# ##.###.#.
#.# #.# #.# #.#. #.# #.# #.# #.#.
#.# #.# #.# #.#.
######.##########.####.###...
#####......#gggg@>.##............
.........###g#####.#######.######
##........## #...............
...........# ########.#######
##........## #.##### #.......##
#.#...### #.......# #.)......
#.......# ###...### ##.......#
##.##


You could see Robin, 2 hobgoblins and 2 goblins.

Vanquished Creatures
  A giant cockroach (D:2)
  7 goblins
  2 hobgoblins (D:2)
  4 jackals (D:1)
  2 ball pythons
  3 bats
  A frilled lizard (D:2)
  3 kobolds
  7 rats
30 creatures vanquished.

Notes
Turn   | Place    | Note
-------+----------+-------------------------------------------
     0 | Abyss:1  | slep the Demonspawn Abyssal Knight began the quest for the Orb.
     0 | Abyss:1  | Reached XP level 1. HP: 18/18 MP: 2/2
    50 | Abyss:1  | Noticed a quasit
    50 | Abyss:1  | Noticed a large abomination
    58 | Abyss:1  | Noticed an ancient zyme
    69 | Abyss:1  | Noticed a small abomination
    77 | D:1      | Escaped the Abyss
   568 | D:1      | Reached skill level 1 in Dodging
   568 | D:1      | Gained mutation: You have a pair of small horns on your head. [demonic ancestry]
   568 | D:1      | Reached XP level 2. HP: 20/24 MP: 3/3
   600 | D:1      | Reached * piety under Lugonu
  1175 | D:2      | Found a runed door.
  1197 | D:2      | Found a blossoming altar of Fedhas.
  1295 | D:2      | Noticed Robin
  1298 | D:2      | Gained mutation: You have a pair of horns on your head. [demonic ancestry]
  1298 | D:2      | Reached XP level 3. HP: 26/29 MP: 4/4
  1310 | D:2      | Succumbed to Robin's poison

Vault maps used:
D:1:      dpeg_arrival_boxorama, minmay_misc_feat_chi
D:2:      fedhas_altar_2, uniq_crazy_yiuf_cottage, uniq_robin

Skill      XL: |  1  2 |
---------------+-------+-----
Long Blades    | 2 |  2.3
Dodging        | 1 |  1.1
Armour         | 2 |  2.1
Fighting       | |  3.4
Stealth        | |  0.3
Invocations    | |  2.4

Action                   || total
-------------------------++-------
Melee: Falchion          ||    93
       Headbutt          ||     6
Invok: Depart the Abyss  ||     1
  Use: Potion            ||     2
 Stab: Sleeping          ||     1
Armor: Leather armour    ||    34
Dodge: Dodged            ||    59
       Rpst.: Falchion   ||    24

Table legend:
 A = Spawn XP
 B = Non-spawn XP
 C = Spawn XP percentage of total XP
 D = Spawn monster count
 E = Non-spawn monster count
 F = Spawn count percentage of total count
 G = Total turns spent on level
                    A         B        C        D         E        F      G
               +---------+---------+-------+---------+---------+-------+---------
         Total |       0 |      45 |   0.0 |       0 |      30 |   0.0 |  1310
               +---------+---------+-------+---------+---------+-------+---------
           D:1 |       0 |      21 |   0.0 |       0 |      14 |   0.0 |   763
           D:2 |       0 |      24 |   0.0 |       0 |      16 |   0.0 |   470
               +---------+---------+-------+---------+---------+-------+---------
